Map: Romanticide LE

Players

RiSky - Winner!

  • Race: Zerg Zerg
  • Spawn Location: 5:00

Azure

  • Race: Terran Terran
  • League: Grandmaster
  • Spawn Location: 11:00

Event: DreamHack SC2 Masters 2020 Winter

VOD

Have the link to the VOD?

Description

Time

  • Played on: Oct. 16, 2020, 5:11 a.m.
  • Length: 21:38

All games in this series

Show
View Real Time Build Order
Export as new Build Order

RiSky Zerg - Winner!

Build Orders: Hatch First, Lurkers 

Get SALT Encoding   

  12  0:00  Drone  
  13  0:12  Overlord  
  13  0:16  Drone  
  14  0:30  Drone x2  
  16  0:47  Hatchery  
  15  0:50  Drone  
  15  0:54  Drone  
  17  0:57  Drone  
  18  1:09  Extractor  
  17  1:12  Spawning Pool  
  17  1:16  Drone  
  17  1:18  Drone  
  18  1:27  Drone  
  19  1:40  Drone  
  20  1:48  Overlord  
  20  2:00  Zergling x2, Queen x2  
  20  2:01  Zergling x2  
  26  2:11  Drone x2  
  26  2:14  Metabolic Boost  
  28  2:20  Drone  
  28  2:21  Drone  
  29  2:38  Hatchery  
  29  2:41  Drone  
  29  2:47  Queen  
  31  2:51  Overlord  
  31  2:55  Drone x2  
  31  2:58  Drone  
  34  3:02  Pneumatized Carapace  
  34  3:05  Drone  
  35  3:10  Drone  
  35  3:12  Drone  
  37  3:13  Drone  
  37  3:14  Drone  
  37  3:17  Overlord  
  37  3:19  Zergling x2  
  40  3:26  Drone x2  
  42  3:32  Drone  
  43  3:35  Queen  
  45  3:43  Overlord  
  45  3:44  Queen, Drone x2  
  45  3:47  Zergling x4  
  51  3:52  Queen  
  53  3:59  Drone x2  
  53  4:01  Drone x2  
  57  4:04  Drone x3  
  57  4:07  Drone  
  61  4:11  Lair  
  61  4:14  Drone  
  61  4:16  Drone, Extractor  
  62  4:21  Zergling x2  
  62  4:22  Drone x2  
  65  4:25  Drone  
  65  4:26  Baneling Nest  
  65  4:28  Drone  
  66  4:32  Overlord  
  66  4:34  Overlord  
  66  4:37  Drone, Extractor  
  66  4:39  Overlord  
  66  4:44  Overlord  
  66  4:50  Drone x3  
  66  4:51  Drone x5  
  74  4:54  Drone x3  
  74  4:56  Drone  
  74  4:57  Evolution Chamber  
  77  5:04  Hatchery  
  77  5:07  Drone x2  
  78  5:08  Drone  
  78  5:11  Centrifical Hooks  
  79  5:16  Drone x3  
  79  5:17  Extractor x2  
  79  5:20  Drone x3  
  79  5:21  Baneling x3  
  83  5:24  Zergling x6  
  83  5:27  Zergling x4  
  88  5:33  Zergling x8  
  92  5:38  Zergling x2  
  92  5:39  Zergling x2  
  93  5:46  Zergling x2  
  93  5:47  Zergling x8  
  94  5:52  Baneling x3  
  94  5:55  Zergling x2  
  94  5:56  Zergling x4  
  93  5:58  Zergling x6  
  93  5:59  Queen x2  
  98  6:06  Baneling x2  
  92  6:11  Queen  
  90  6:19  Zergling x12  
  90  6:24  Zergling x6  
  91  6:29  Baneling  
  91  6:30  Baneling  
  91  6:31  Zergling x2  
  91  6:32  Zergling x8  
  96  6:35  Queen x2  
  96  6:39  Zergling x6  
  93  6:49  Evolution Chamber, Baneling x11  
  93  6:50  Drone x2  
  93  6:52  Drone x5  
  97  6:56  Drone  
  97  6:57  Drone  
  99  7:02  Drone  
  99  7:03  Drone  
  99  7:08  Drone x2  
  103  7:12  Baneling x2  
  103  7:16  Overlord x3, Zerg Melee Weapons Level 1, Zerg Ground Armor Level 1  
  103  7:19  Hatchery, Overlord  
  103  7:20  Extractor  
  103  7:21  Overlord x2  
  101  7:25  Drone x2  
  103  7:32  Hydralisk Den  
  103  7:33  Infestation Pit  
  103  7:34  Overseer  
  103  7:35  Hatchery, Drone x4  
  103  7:36  Drone x5  
  109  7:39  Overlord  
  109  7:47  Overlord  
  109  7:53  Zergling x12  
  109  7:54  Zergling x4  
  116  8:02  Zergling x10  
  118  8:08  Overseer  
  118  8:09  Zergling x6, Spore Crawler  
  118  8:12  Muscular Augments  
  120  8:18  Hatchery  
  117  8:25  Hydralisk x9  
  133  8:28  Baneling x2  
  133  8:29  Baneling  
  133  8:38  Spore Crawler  
  132  8:45  Drone  
  132  8:46  Drone x12  
  145  8:51  Hive  
  145  8:53  Hydralisk x3  
  145  8:54  Hydralisk  
  153  9:02  Zergling x18  
  162  9:06  Overseer x2  
  162  9:07  Lurker Den  
  161  9:15  Zerg Missile Weapons Level 1  
  161  9:20  Zerg Ground Armor Level 2  
  161  9:22  Zergling x22  
  161  9:24  Grooved Spines  
  172  9:27  Baneling x5  
  172  9:30  Zergling x8, Unknown  
  172  9:31  Zergling x8  
  179  9:41  Overlord x4  
  155  10:00  Drone x15  
  155  10:04  Adrenal Glands  
  155  10:05  Seismic Spines  
  170  10:08  Extractor x2  
  170  10:11  Spore Crawler  
  170  10:13  Spore Crawler  
  166  10:14  Spore Crawler  
  166  10:15  Spore Crawler  
  164  10:23  Hydralisk x10  
  181  10:36  Baneling x9  
  181  10:41  Baneling x3  
  181  10:47  Zergling x6, Spore Crawler, Extractor  
  181  10:48  Zergling x30, Extractor  
  196  11:02  Adaptive Talons  
  196  11:05  Zergling x8  
  195  11:13  Zergling x16  
  182  11:20  Viper x3  
  182  11:25  Zergling x24  
  178  11:30  Lurker x6  
  178  11:31  Zergling x8  
  182  11:36  Zergling x2  
  169  11:48  Zergling x12  
  169  11:54  Zerg Ground Armor Level 3, Zerg Missile Weapons Level 2  
  158  11:55  Zergling x10  
  158  11:59  Hydralisk  
  158  12:00  Hydralisk x7  
  179  12:08  Hatchery, Baneling x8  
  179  12:11  Hydralisk  
  179  12:13  Overlord  
  179  12:14  Overlord x2  
  179  12:15  Hatchery, Overseer x2  
  179  12:18  Lurker  
  179  12:27  Overlord x4  
  179  12:36  Lurker x7  
  186  12:41  Baneling x7  
  186  12:51  Hydralisk x5  
  176  13:13  Hydralisk x12  
  176  13:15  Spore Crawler  
  176  13:17  Hatchery  
  176  13:18  Drone x2  
  200  13:21  Overseer  
  200  13:45  Zergling x24  
  197  13:53  Zergling x14  
  190  14:10  Drone x2  
  190  14:15  Drone x12  
  197  14:21  Lurker x4  
  177  14:58  Zergling x42  
  186  15:01  Overseer  
  186  15:02  Queen  
  186  15:05  Extractor  
  187  15:07  Lurker x8, Extractor  
  194  15:14  Zerg Melee Weapons Level 2, Zerg Missile Weapons Level 3  
  194  15:16  Viper  
  194  15:20  Queen  
  199  15:27  Hatchery  
  198  15:43  Spore Crawler  
  198  15:45  Spore Crawler  
  198  15:49  Baneling  
  196  15:50  Hydralisk, Baneling x2  
  198  15:57  Spore Crawler x2  
  191  16:24  Hatchery  
  190  16:28  Hydralisk x5  
  177  16:51  Zergling x2  
  177  16:52  Zergling x40  
  179  17:12  Overlord x4  
  179  17:13  Lurker Den, Hydralisk Den  
  175  17:20  Hydralisk  
  175  17:21  Hydralisk x9  
  180  17:27  Hatchery  
  180  17:33  Overlord  
  180  17:35  Queen  
  180  17:40  Hydralisk x10  
  196  17:56  Hatchery  
  195  18:01  Hatchery  
  192  18:10  Zergling x30  
  197  18:15  Zerg Melee Weapons Level 3  
  196  18:20  Viper  
  200  18:34  Overseer  
  200  18:39  Hatchery  
  178  19:08  Hydralisk x13  
  178  19:09  Hydralisk  
  190  19:20  Hydralisk  
  190  19:21  Hydralisk x6  
  200  19:27  Hatchery  
  200  19:30  Lurker x2  
  198  19:54  Lurker x2  
  198  19:58  Hatchery  
  197  20:00  Hydralisk x3  
  175  20:15  Hydralisk x15  
  175  20:18  Zergling x18  
  192  20:23  Lurker x8  
  183  20:37  Zergling x8  
  183  20:38  Zergling x20  
  178  20:55  Hatchery  
  174  21:07  Hatchery  
  174  21:09  Drone x3  
  174  21:10  Drone x17  
Show
View Real Time Build Order
Export as new Build Order

Azure Terran 

Build Orders: Reaper Expand 

Get SALT Encoding   

  12  0:00  SCV  
  13  0:12  SCV  
  14  0:17  Supply Depot  
  14  0:24  SCV  
  15  0:39  SCV  
  15  0:40  Barracks  
  16  0:45  Refinery  
  16  0:51  SCV  
  17  1:03  SCV  
  18  1:15  SCV  
  19  1:27  Orbital Command  
  19  1:28  Reaper  
  20  1:38  Command Center  
  20  1:47  Supply Depot  
  21  1:54  SCV  
  21  2:00  Marine  
  22  2:06  SCV  
  23  2:10  Factory  
  23  2:18  SCV  
  23  2:22  Barracks Reactor  
  24  2:30  SCV  
  25  2:41  Command Center  
  25  2:42  SCV  
  26  2:52  Orbital Command  
  26  2:57  SCV  
  27  3:00  Barracks  
  27  3:05  Hellion  
  29  3:09  Hellion  
  29  3:11  SCV  
  32  3:14  Refinery  
  32  3:18  SCV  
  33  3:20  Barracks Tech Lab  
  33  3:23  SCV  
  34  3:28  Hellion  
  34  3:30  Hellion  
  34  3:33  SCV  
  39  3:35  SCV  
  39  3:40  Marine  
  39  3:41  Refinery  
  41  3:44  Stimpack  
  41  3:45  SCV  
  41  3:48  SCV  
  43  3:54  Orbital Command  
  43  3:58  SCV  
  43  4:02  Starport  
  45  4:03  Marine  
  45  4:05  Marine  
  45  4:07  Marine  
  45  4:08  Factory Reactor  
  45  4:09  SCV  
  48  4:12  SCV  
  49  4:18  Supply Depot  
  49  4:21  SCV x2  
  49  4:23  Marine x2  
  53  4:25  Marine  
  53  4:26  SCV  
  55  4:33  SCV x2  
  55  4:38  SCV  
  58  4:39  Supply Depot  
  58  4:40  Medivac, Marine  
  58  4:41  Marine  
  58  4:44  Supply Depot  
  62  4:48  Hellion x2  
  62  4:50  Marine  
  62  4:52  SCV, Orbital Command  
  68  4:55  SCV  
  68  4:57  Refinery  
  69  5:00  Marine  
  69  5:03  Armory  
  69  5:04  SCV  
  69  5:06  Supply Depot  
  71  5:07  SCV  
  71  5:08  Supply Depot  
  72  5:16  SCV  
  72  5:17  Hellion x2, Marine  
  72  5:18  Marine x2  
  72  5:19  SCV  
  81  5:22  SCV  
  81  5:25  Medivac  
  84  5:29  Combat Shield  
  84  5:31  SCV  
  84  5:35  Marine x2  
  85  5:36  Marine  
  88  5:48  Widow Mine x2  
  89  5:50  SCV x2  
  89  5:53  Engineering Bay x2, Marine x2  
  89  5:54  Marine  
  94  5:59  Medivac  
  94  6:01  SCV  
  97  6:08  SCV  
  97  6:11  Marine x2  
  98  6:12  Marine  
  98  6:15  SCV  
  89  6:27  Terran Infantry Weapons Level 1  
  89  6:28  Terran Infantry Armor Level 1  
  89  6:29  Medivac, Marine x2  
  89  6:30  Marine, Barracks x2  
  89  6:32  SCV  
  87  6:43  SCV  
  87  6:46  Marine  
  87  6:47  SCV, Marine x2, Barracks  
  80  6:52  SCV  
  84  6:55  SCV  
  84  6:59  SCV, Factory Reactor  
  86  7:01  Refinery, Command Center  
  86  7:02  Refinery  
  86  7:04  SCV, Supply Depot, Marine x2  
  86  7:05  Supply Depot, Marine  
  86  7:07  SCV  
  91  7:11  Medivac x2  
  91  7:12  SCV, Concussive Shells  
  96  7:16  SCV  
  96  7:19  Barracks Reactor x2  
  96  7:20  SCV  
  96  7:22  Marine x2  
  99  7:24  SCV  
  99  7:25  Supply Depot, Factory  
  99  7:26  Supply Depot, Marine  
  99  7:28  SCV  
  103  7:32  SCV  
  103  7:36  SCV  
  106  7:37  Barracks Reactor  
  106  7:40  SCV, Marine x2  
  106  7:41  Medivac x2  
  106  7:43  Supply Depot  
  106  7:44  SCV, Supply Depot, Marine  
  114  7:52  Widow Mine x2  
  114  7:54  SCV x2  
  114  7:56  SCV  
  114  7:57  Marine x2  
  114  7:58  Marine x2  
  125  8:01  Marine x2  
  123  8:06  SCV x2  
  123  8:09  Marine, Barracks  
  123  8:10  Medivac, Barracks  
  123  8:11  SCV, Medivac, Barracks  
  131  8:15  Marine x3  
  131  8:16  Marine  
  131  8:18  Marine  
  136  8:26  SCV  
  135  8:30  Marine x4  
  135  8:32  Sensor Tower  
  139  8:35  Sensor Tower  
  139  8:36  Supply Depot x2, Factory Tech Lab  
  139  8:37  Marine x2  
  139  8:40  Liberator x2  
  139  8:41  Terran Infantry Armor Level 2  
  147  8:42  SCV x2  
  147  8:45  Terran Infantry Weapons Level 2  
  147  8:48  SCV  
  150  8:49  Marine x3  
  150  8:50  Marine x4  
  150  8:54  SCV  
  150  8:55  Marine x2  
  159  8:57  Siege Tank  
  159  8:59  Factory Tech Lab  
  159  9:00  SCV x2  
  159  9:02  Planetary Fortress  
  165  9:06  Barracks Tech Lab  
  165  9:07  Marine x3, Barracks Tech Lab  
  165  9:08  Marine x2  
  165  9:09  Marine x2  
  172  9:13  Marine  
  172  9:14  SCV x2  
  172  9:15  Marine  
  176  9:20  Marine  
  176  9:22  SCV, Widow Mine  
  180  9:35  Supply Depot  
  180  9:36  Supply Depot  
  180  9:45  Marine  
  180  9:46  Marine x2  
  180  9:47  Marine  
  180  9:48  Marine  
  180  9:49  Siege Tank  
  180  9:50  Siege Tank  
  173  9:54  Medivac x2  
  173  9:56  Marine x3  
  173  9:57  Marauder, Marine x2  
  177  10:02  Marauder, Marine  
  180  10:07  Command Center  
  180  10:11  Supply Depot, Sensor Tower  
  180  10:12  Supply Depot, Starport  
  180  10:13  Marine x3  
  183  10:14  Marine x2  
  183  10:18  Marauder, Refinery  
  183  10:20  Marauder  
  183  10:21  Siege Tank  
  192  10:23  Refinery, Siege Tank  
  192  10:27  Marine  
  196  10:32  Marine  
  193  10:37  Marine x2  
  193  10:38  Medivac x2  
  193  10:39  Marine  
  193  10:41  Marine  
  193  10:42  Marine  
  199  10:45  Command Center  
  199  10:57  Marine  
  199  11:17  Marine  
  199  11:18  Marauder, Marine  
  193  11:24  Marauder, Marine  
  188  11:27  Marauder, Marine x2  
  188  11:29  Marine x3  
  188  11:30  Siege Tank x2  
  188  11:31  Medivac x2  
  182  11:50  Marauder, Marine x3  
  174  11:55  Terran Infantry Weapons Level 3, Terran Infantry Armor Level 3  
  174  11:56  Starport Reactor  
  174  12:01  Liberator x2  
  174  12:06  Marauder, Marine x2, Siege Tank x2  
  174  12:07  Marine x3  
  174  12:08  Marine x2  
  196  12:09  Marine x2  
  196  12:10  Marine  
  196  12:15  Orbital Command  
  198  12:18  Command Center  
  198  12:21  Ghost Academy  
  198  12:23  Barracks  
  198  12:25  Marine x2  
  198  12:26  Barracks x2  
  200  12:33  Planetary Fortress  
  200  12:41  Fusion Core  
  200  13:05  Marauder, Marine x3  
  185  13:59  Marine x2  
  185  14:00  Marauder, Marine  
  185  14:02  Siege Tank x2  
  175  14:10  Enhanced Shockwaves  
  175  14:11  Marauder, Marine x4  
  175  14:14  Marine x3  
  175  14:15  Marauder  
  172  14:17  Liberator x2  
  172  14:19  Marine x2  
  172  14:21  Marauder, Marine  
  172  14:22  Orbital Command  
  172  14:23  Command Center x2  
  180  14:25  Unknown  
  180  14:26  Command Center, Sensor Tower  
  180  14:27  Command Center  
  180  14:29  Marine x4  
  184  14:32  Marine x2  
  184  14:33  Marauder  
  184  14:34  Siege Tank  
  184  14:35  Liberator x2  
  184  14:37  Terran Ship Weapons Level 1, Advanced Ballistics  
  197  14:44  Missile Turret  
  196  14:45  Missile Turret  
  196  14:47  Marine x2  
  196  14:48  Marauder, Marine x2  
  196  14:49  Marauder, Marine x3  
  168  14:56  Marine x3  
  168  14:57  Marauder  
  160  15:00  Siege Tank, Liberator x2  
  160  15:05  Marine x3  
  160  15:06  Marine, Siege Tank  
  160  15:07  Marine  
  176  15:09  Marine x2  
  176  15:10  Marauder, Marine  
  181  15:17  Marine x2, Liberator x2  
  181  15:18  Marauder  
  191  15:25  Marine  
  191  15:26  Marine x4  
  196  15:28  Marauder  
  196  15:30  Marine x2  
  196  15:31  Missile Turret  
  200  15:42  Orbital Command  
  200  15:43  Orbital Command  
  200  15:48  Orbital Command  
  200  15:52  Supply Depot  
  200  15:53  Command Center  
  198  16:05  Marine, Siege Tank  
  198  16:08  Marauder, Marine x2  
  198  16:09  Marauder, Marine x3  
  196  16:16  Command Center  
  186  16:20  Marauder, Marine, Siege Tank  
  186  16:23  Missile Turret, Marine x4  
  186  16:24  Missile Turret, Liberator  
  186  16:25  Liberator  
  190  16:26  Marine x2  
  190  16:27  Marine x3  
  190  16:30  Marauder  
  190  16:31  Marauder  
  196  16:37  Siege Tank  
  196  16:38  Marine  
  199  16:41  Marine x2  
  192  16:49  Marine x2  
  192  16:51  Marauder  
  192  16:52  Siege Tank  
  194  16:55  Marauder, Marine x2  
  185  17:09  Siege Tank  
  182  17:19  Medivac x2  
  182  17:21  Marauder, Marine x2  
  165  17:22  Marine  
  165  17:23  Marauder, Marine  
  165  17:25  Siege Tank  
  169  17:30  Marine x2  
  169  17:33  Marine  
  169  17:36  Marine x2  
  173  17:38  Marine  
  173  17:39  Marine  
  173  17:41  Siege Tank  
  177  17:44  Medivac  
  177  17:46  Marauder, Marine  
  180  17:52  Marauder, Marine  
  180  17:53  Marine  
  180  17:54  Marine  
  180  17:56  Marine  
  180  17:57  Siege Tank  
  189  18:00  Marine  
  189  18:03  Marine  
  192  18:08  Marine  
  192  18:09  Marauder  
  192  18:12  Planetary Fortress  
  190  18:15  Marine  
  190  18:16  Marauder  
  190  18:17  Marine  
  192  18:36  Marauder, Marine  
  192  18:37  Orbital Command  
  190  18:51  Siege Tank x2  
  190  18:53  Marauder, Marine  
  190  18:54  Marauder, Marine x3  
  198  19:00  Marauder, Marine x2  
  198  19:04  Marine x2  
  198  19:05  Marine x2  
  185  19:15  Marauder, Marine x2  
  185  19:16  Marauder, Marine x2  
  182  19:21  Marauder  
  180  19:25  Marine x3  
  180  19:30  Marine  
  178  19:36  Marauder  
  178  19:37  Marauder  
  178  19:38  Marine x2  
  184  19:43  Marauder  
  186  19:46  Marine x4  
  186  19:48  Marine  
  191  19:52  Marine x2  
  191  19:58  Marine x2  
  191  19:59  Marauder  
  162  20:22  Marauder, Marine x3  
  162  20:23  Marauder, Marine x2, Siege Tank  
  162  20:27  Medivac  
  162  20:37  Marine  
  162  20:38  Marine x3  
  163  20:46  Marauder, Marine x2  
  163  20:48  Marine  
  155  20:52  Orbital Command  
  155  20:54  Marine  
  151  21:00  Marine  
  153  21:06  Marauder  
  153  21:07  Marine  
Tags
 
Add a new tag
Caveats
  • Supply blocks, unpowered buildings, or Contaminate may cause inaccurate times.
  • Supply counts are checked every 10 seconds.